 Dungeon Crawl Stone Soup version 0.27.1-34-g3ba077fa99 (webtiles) character file.

Game seed: 18246317417015380870

105 styxcanada the Covert (level 4, -4/23 HPs)
             Began as a Spriggan Brigand on Jan 12, 2022.
             Slain by a gnoll (7 damage)
             ... on level 3 of the Dungeon on Jan 13, 2022.
             The game lasted 00:07:18 (2713 turns).

styxcanada the Covert (Spriggan Brigand)            Turns: 2713, Time: 00:07:19

Health: -4/23      AC:  3    Str:  7    XL:     4   Next: 54%
Magic:  5/5        EV: 17    Int: 12    God:
Gold:   68         SH:  0    Dex: 17    Spells: 3/3 levels left

rFire    . . .     SeeInvis +   a - +2 dagger
rCold    . . .     Faith    .   (shield restricted)
rNeg     . . .     Spirit   .   b - +0 robe
rPois    .         Reflect  .   (helmet restricted)
rElec    .         Harm     .   c - +0 cloak
rCorr    .         Rampage  .   (gloves unavailable)
Will     .....                  (boots unavailable)
Stlth    ++++......             (no amulet)
HPRegen  0.07/turn              (no ring)
MPRegen  0.09/turn              (no ring)

@: very quick
A: very small, no large weapons, unfitting armour, see invisible, speed 3
a: no special abilities


You were on level 3 of the Dungeon.
You visited 1 branch of the dungeon, and saw 3 of its levels.

You collected 68 gold pieces.

Inventory:

Hand Weapons
 a - a +2 dagger (weapon)
Missiles
 d - 21 poisoned darts (quivered)
 e - 2 curare-tipped darts
 i - 32 stones
Armour
 b - a +0 robe (worn)
 c - a +0 cloak (worn)
Scrolls
 j - a scroll of enchant armour {unknown}
 k - a scroll of fear {unknown}
 l - a scroll of identify {unknown}
 m - 2 scrolls of enchant weapon {unknown}
 n - 2 scrolls of teleportation {unknown}
Potions
 f - a potion of lignification {unknown}
 g - a potion of curing {unknown}
 h - a potion of heal wounds {unknown}
 o - a potion of haste {unknown}


   Skills:
 * Level 2.1 Fighting
 + Level 2.5 Short Blades
 + Level 2.0 Throwing
 * Level 2.2 Dodging
 * Level 8.1 Stealth


You had 3 spell levels left.
You didn't know any spells.
Your spell library was empty.

Dungeon Overview and Level Annotations

Branches:
Dungeon (3/15)

Altars:


Innate Abilities, Weirdness & Mutations

You are very small and have problems with some larger weapons.
You are too small for most types of armour.
You have supernaturally acute eyesight. (SInv)
You cover ground extremely quickly. (Speed+++)


Message History

The ball python completely misses you.
The ball python bites you but does no damage.
The ball python completely misses you.
You hit the ball python.
The ball python is severely wounded.
The ball python barely misses you. x2; The ball python closely misses you.
The ball python grabs you. The ball python constricts you.
You hit the ball python.
You kill the ball python!
The ball python misses you. The ball python grabs you.
The ball python constricts you.
You hit the ball python.
The ball python is severely wounded.
The ball python misses you. The ball python constricts you.
You hit the ball python.
You kill the ball python!
You start waiting.
Done waiting.
A gnoll comes into view. It is wielding a +0 whip.
A gnoll comes into view. It is wielding a +0 spear.
A gnoll comes into view. It is wielding a +0 spear.
The helpless gnoll fails to defend itself.
You spit the gnoll like a pig!!!
You kill the gnoll!
The gnoll shouts!
The gnoll hits you from afar with a +0 spear.
Things that are here:
a +0 whip; a gnoll corpse You barely miss the gnoll.
The gnoll misses you. The gnoll closely misses you.
You hit the gnoll.
The gnoll is lightly wounded.
The gnoll hits you with a +0 spear.
The gnoll hits you from afar with a +0 spear.
You hit the gnoll.
The gnoll is moderately wounded.
The gnoll closely misses you.
The gnoll hits you from afar with a +0 spear.
* * * LOW HITPOINT WARNING * * *
The gnoll hits you from afar with a +0 spear!
You die...

### ..# #.#
#g# #g# #)#
#@#
######.####
#.........#
#.####.##.#
#..##.#
#..##.#
..###...#.#
...........#
...###.....#


You could see 2 gnolls.

Vanquished Creatures
  Jessica (D:2)
  An adder (D:2)
  A gnoll (D:3)
  A worm (D:2)
  2 dart slugs
  5 ball pythons
  4 bats
  4 endoplasms
  3 giant cockroaches
  6 goblins
  6 hobgoblins
  2 kobolds
  5 quokkas
  3 frilled lizards (D:2)
  A rat (D:1)
  A spectral kobold (D:2)
46 creatures vanquished.

Notes
Turn   | Place    | Note
-------+----------+-------------------------------------------
     0 | D:1      | styxcanada the Spriggan Brigand began the quest for the
                  | Orb.
     0 | D:1      | Reached XP level 1. HP: 10/10 MP: 2/2
    88 | D:1      | Reached skill level 6 in Stealth
   258 | D:1      | Reached XP level 2. HP: 8/14 MP: 3/3
   821 | D:1      | Reached skill level 7 in Stealth
  1211 | D:2      | Reached XP level 3. HP: 10/18 MP: 4/4
  2075 | D:2      | Found a faded altar of an unknown god.
  2229 | D:2      | Noticed Jessica
  2470 | D:2      | Killed Jessica
  2471 | D:2      | Reached skill level 8 in Stealth
  2471 | D:2      | Reached XP level 4. HP: 21/23 MP: 5/5
  2713 | D:3      | Slain by a gnoll

Illustrated notes

Levels and vault maps discovered:
D:1:      roderic_crop_circles_arrival_small, layout_basic
D:2:      layout_rooms, dreamdust_ecumenical_altar_drowned_temple, uniq_jessica
D:3:      layout_loops_corners, lemuel_blue_sif_altar, serial_shops, shop,
          chequers_jeans

Skill      XL: |  1  2  3 |
---------------+----------+-----
Stealth        | 6 7 8 |  8.1
Fighting       | 2 |  2.1
Dodging        | 2 |  2.2
Short Blades   | |  2.5
Throwing       | |  2.0

Action                   |  1- 3 |  4- 6 || total
-------------------------+-------+-------++-------
Melee: Dagger            |   113 |    12 ||   125
Throw: Dart              |    12 |       ||    12
 Stab: Sleeping          |    20 |     2 ||    22
Armor: Robe              |     9 |     1 ||    10
Dodge: Dodged            |    68 |    19 ||    87
